 Dungeon Crawl Stone Soup version 0.28-a0-1080-g05a166d0ed (webtiles) character file.

Game seed: 6704657274586053579

87 senseless the Covered (level 4, -2/29 HPs)
             Began as a Gargoyle Fighter on Dec 9, 2021.
             Was a Believer of Makhleb.
             Slain by a gnoll (4 damage)
             ... on level 2 of the Dungeon.
             The game lasted 00:03:07 (1752 turns).

senseless the Covered (Gargoyle Fighter)            Turns: 1752, Time: 00:03:07

Health: -2/29      AC: 11    Str: 22    XL:     4   Next: 51%
Magic:  4/4        EV:  9    Int:  8    God:    Makhleb [**....]
Gold:   66         SH:  4    Dex:  9    Spells: 3/3 levels left

rFire   . . .      SeeInvis .   a - +0 flail
rCold   . . .      Faith    .   c - +0 buckler
rNeg    + . .      Spirit   .   j - +0 scale mail {rPois}
rPois   ∞          Reflect  .   m - +0 helmet
rElec   +          Harm     .   (no cloak)
rCorr   .          Rampage  .   (no gloves)
Will    .....                   (no boots)
Stlth   ..........              (no amulet)
HPRegen 0.09/turn               (no ring)
MPRegen 0.09/turn               (no ring)

@: no status effects
A: sickness immunity, AC +3, negative energy resistance 1, electricity
resistance, torment resistance 1, petrification resistance
a: Renounce Religion, Minor Destruction


You were on level 2 of the Dungeon.
You worshipped Makhleb.
Makhleb was pleased with you.
You visited 1 branch of the dungeon, and saw 2 of its levels.

You collected 66 gold pieces.

Inventory:

Hand Weapons
 a - a +0 flail (weapon)
Armour
 b - a +0 scale mail
 c - a +0 buckler (worn)
 j - a +0 scale mail of poison resistance (worn)
 m - a +0 helmet (worn)
Scrolls
 e - a scroll of identify {unknown}
 g - 2 scrolls of enchant weapon {unknown}
 h - 2 scrolls of acquirement {unknown}
 i - 4 scrolls of teleportation {unknown}
Potions
 d - a potion of might
 f - 3 potions of heal wounds {unknown}
 k - a potion of lignification {unknown}
 l - a potion of ambrosia {unknown}


   Skills:
 + Level 3.7 Fighting
 + Level 3.3 Maces & Flails
 + Level 3.8 Armour
 + Level 0.5 Dodging
 + Level 3.7 Shields


You had 3 spell levels left.
You didn't know any spells.
Your spell library contained the following spells:

 Spells                   Type           Power      Damage    Failure   Level
 Borgnjor's Revivificati  Necr           0%         N/A       100%        8
 Necromutation            Tmut/Necr      0%         N/A       100%        8
 Death's Door             Necr           0%         N/A       100%        9


Dungeon Overview and Level Annotations

Branches:
Dungeon (2/15)

Altars:
Makhleb

Shops:
D:1 :


Innate Abilities, Weirdness & Mutations

You are immune to sickness and miasma.
Your stone body is resilient. (AC +3)
You are immune to poison.
You resist negative energy. (rN+)
You are resistant to electric shocks. (rElec)
You are resistant to unholy torment.
You are immune to petrification.


Message History

No target in view!
No target in view!
No target in view!
You see here a bat corpse.
You see here 20 stones.
A gnoll comes into view. It is wielding a +0 trident.
The gnoll shouts!
You hear a shout!
A gnoll comes into view. It is wielding a +0 whip.
The gnoll shouts!
The gnoll hits you with a +0 trident!
You closely miss the gnoll. You block the gnoll's attack.
The gnoll hits you with a +0 trident.
You hit the gnoll but do no damage.
A ball python comes into view.
You barely miss the gnoll.
The ball python hisses angrily.
You block the gnoll's attack.
You closely miss the gnoll. The gnoll hits you but does no damage.
You block the gnoll's attack. The gnoll hits you but does no damage.
You sock the gnoll!
The gnoll is severely wounded.
The gnoll barely misses you. x2
The gnoll hits you from afar with a +0 trident.
You are too injured to fight recklessly!
You barely miss the gnoll.
The gnoll is severely wounded.
The gnoll hits you with a +0 whip. You block the gnoll's attack.
You sock the gnoll!
You kill the gnoll!
Makhleb accepts your kill.
You can now harness Makhleb's destructive might.
The gnoll hits you from afar with a +0 trident.
* * * LOW HITPOINT WARNING * * *
The gnoll barely misses you.
Things that are here:
a +0 whip; a +0 leather armour; 4 gold pieces You barely miss the gnoll.
The gnoll hits you with a +0 trident.
* * * LOW HITPOINT WARNING * * *
You hit the gnoll but do no damage. The gnoll hits you with a +0 trident.
You die...

#####.........##†.....#
#.........##.######
#####..#####(# #....#
#.# #.##.# #.# #.# .#
#.# #.# # #.# .# #.#
#@# #g# #S# ... #.# #.#
#.# #.#


You could see a gnoll and a ball python.

Vanquished Creatures
  Robin (D:2)
  A gnoll (D:2)
  An adder (D:2)
  2 dart slugs (D:1)
  6 bats
  2 endoplasms (D:1)
  A giant cockroach (D:2)
  11 goblins
  5 hobgoblins
  4 jackals (D:1)
  3 kobolds (D:1)
  3 quokkas (D:1)
  2 ball pythons (D:1)
  2 frilled lizards (D:1)
  5 rats
49 creatures vanquished.

Notes
Turn   | Place    | Note
-------+----------+-------------------------------------------
     0 | D:1      | senseless the Gargoyle Fighter began the quest for the Orb.
     0 | D:1      | Reached XP level 1. HP: 14/14 MP: 1/1
   327 | D:1      | Reached XP level 2. HP: 19/19 MP: 2/2
   441 | D:1      | Found a faded altar of an unknown god.
   593 | D:1      | Prayed at the altar of an unknown god.
   593 | D:1      | Became a worshipper of Makhleb the Destroyer
   593 | D:1      | Reached * piety under Makhleb
   843 | D:1      | Found Puevoushrue's Book Emporium.
   884 | D:1      | Reached XP level 3. HP: 23/23 MP: 3/3
  1482 | D:2      | Reached XP level 4. HP: 17/29 MP: 4/4
  1482 | D:2      | Noticed Robin
  1489 | D:2      | Killed Robin
  1749 | D:2      | Reached ** piety under Makhleb
  1752 | D:2      | Slain by a gnoll

Illustrated notes

Levels and vault maps discovered:
D:1:      evilmike_arrival_rings, layout_loops_corners, serial_shops, shop,
          hellmonk_ecumenical_altar_arch_garden, minivault_14
D:2:      layout_loops_ring, uniq_jessica, uniq_robin

Skill      XL: |  1  2  3 |
---------------+----------+-----
Maces & Flails | 3 |  3.3
Fighting       | |  3.7
Armour         | |  3.8
Dodging        | |  0.5
Shields        | |  3.7

Action                   |  1- 3 |  4- 6 || total
-------------------------+-------+-------++-------
Melee: Flail             |   135 |    48 ||   183
Armor: Scale mail        |    64 |    25 ||    89
Dodge: Dodged            |    74 |    23 ||    97
Block: Buckler           |    23 |    16 ||    39

Table legend: (Time is in decaauts)
 A = Elapsed time spent in this place.
 B = Non-inter-level travel time spent in this place.
 C = Inter-level travel time spent in this place.
 D = Time resting spent in this place.
 E = Time spent auto-exploring this place.
 F = Levels seen in this place.
 G = Mean time per level.
                   A        B        C        D        E       F      G
               +--------+--------+--------+--------+--------+-----+--------+
         Total |   1804 |   1771 |     33 |      3 |   1374 |   2 |  902.0 |
       Dungeon |   1804 |   1771 |     33 |      3 |   1374 |   2 |  902.0 |
               +--------+--------+--------+--------+--------+-----+--------+

Top non-repeatable levels by time:
     D:1: 1328 daAuts
     D:2: 476 daAuts
